 Dungeon Crawl Stone Soup version 0.18.1-48-g4cf74bf (webtiles) character file.

12636 Lusmu the Spear-Bearer (level 11, -14/87 HPs)
             Began as a Demonspawn Fire Elementalist on July 22, 2016.
             Was a High Priest of Makhleb.
             Killed from afar by a deep troll earth mage (23 damage)
             ... with a blast of rock fragments
             ... on level 11 of the Dungeon on Aug 5, 2016.
             The game lasted 01:19:22 (13242 turns).

Lusmu the Spear-Bearer (DsFE)                      Turns: 13242, Time: 01:19:22

Health: -14/87     AC: 16    Str: 13    XL:     11   Next: 65%
Magic:  17/17      EV: 13    Int: 17    God:    Makhleb [*****.]
Gold:   557        SH:  0    Dex: 15    Spells: 3 memorised, 12 levels left

rFire  . . .     SeeInvis +     f - +3 spear (freeze)
rCold  . . .     Gourm    .     o - +3 leather armour of Inference {Str+3 SInv}
rNeg   . . .     Faith    .     (no shield)
rPois  +         Spirit   .     d - +1 helmet
rElec  .         Dismiss  +     D - +2 cloak {rPois}
rCorr  +         Reflect  .     (no gloves)
SustAt .         Harm     .     C - +0 pair of boots
MR     +....                    B - amulet of dismissal
Stlth  ++........               L - ring of resist corrosion
                                a - ring of protection from magic

@: somewhat resistant to hostile enchantments, unstealthy
A: claws 2, hooves 1, iridescent scales 1, demonic guardian 1, spiny 1
a: Minor Destruction, Lesser Servant of Makhleb, Major Destruction, Greater
Servant of Makhleb, Renounce Religion


You were on level 11 of the Dungeon.
You worshipped Makhleb.
Makhleb was extremely pleased with you.
You were not hungry.

You visited 2 branches of the dungeon, and saw 12 of its levels.

You collected 704 gold pieces.
You spent 147 gold pieces at shops.

Inventory:

Hand Weapons
 f - a +3 spear of freezing (weapon)
Missiles
 A - 3 tomahawks of dispersal (quivered)
Armour
 d - a +1 helmet (worn)
 o - the +3 leather armour of Inference (worn) {Str+3 SInv}
   (You found it on level 10 of the Dungeon)

   It affects your strength (+3).
   It lets you see invisible.
 C - a +0 pair of boots (worn)
 D - a +2 cloak of poison resistance (worn)
 I - a +0 buckler
Jewellery
 a - a ring of protection from magic (left claw)
 B - an amulet of dismissal (around neck)
 H - an uncursed ring of magical power {unknown}
 L - a ring of resist corrosion (right claw)
Wands
 e - a wand of confusion (9/48)
 K - a wand of disintegration (16/24)
Scrolls
 i - 3 scrolls of fog
 j - 5 scrolls of recharging
 n - 4 scrolls of remove curse
 q - 6 scrolls of teleportation
 r - a scroll of blinking
 w - a scroll of fear
 z - a scroll of amnesia
 G - a scroll of enchant weapon
 P - a scroll of magic mapping
 R - a scroll of identify
Potions
 k - 5 potions of curing
 m - a potion of brilliance
 u - 2 potions of invisibility
 v - a potion of flight
 x - a potion of cure mutation
 F - 2 potions of agility
 M - a potion of ambrosia
Books
 b - a book of Flames

   Spells                             Type                      Level
   a - Flame Tongue                   Conjuration/Fire             1
   b - Throw Flame                    Conjuration/Fire             2
   c - Conjure Flame                  Conjuration/Fire             3
   d - Inner Flame                    Hexes/Fire                   3
   e - Sticky Flame                   Conjuration/Fire             4
   f - Fireball                       Conjuration/Fire             5
 y - a book of Dreams

   Spells                             Type                      Level
   a - Ensorcelled Hibernation        Hexes/Ice                    2
   b - Silence                        Hexes/Air                    5
   c - Darkness                       Hexes                        6
   d - Shadow Creatures               Summoning                    6
 E - a Young Poisoner's Handbook

   Spells                             Type                      Level
   a - Sting                          Conjuration/Poison           1
   b - Cure Poison                    Poison                       2
   c - Mephitic Cloud                 Conjuration/Poison/Air       3
   d - Olgreb's Toxic Radiance        Poison                       4
   e - Venom Bolt                     Conjuration/Poison           5
Miscellaneous
 h - a box of beasts
 N - a plain deck of war
Comestibles
 c - 10 bread rations
 g - 7 meat rations
 l - 2 beef jerkies
 p - 3 slices of pizza
 s - 5 fruits
 t - 3 royal jellies


   Skills:
 - Level 8.4 Fighting
 - Level 10.9 Polearms
 * Level 2.1 Armour
 * Level 3.1 Dodging
 - Level 1.7 Stealth
 - Level 4.0 Spellcasting
 - Level 4.0 Conjurations
 - Level 5.3 Hexes
 - Level 4.3 Fire Magic
 - Level 6.0 Ice Magic
 + Level 2.2 Invocations


You had 12 spell levels left.
You knew the following spells:

 Your Spells              Type           Power        Failure   Level  Hunger
a - Flame Tongue          Conj/Fire      ###..        4%          1    None
b - Conjure Flame         Conj/Fire      ###.....     12%         3    ###....
c - Ensorcelled Hibernat  Hex/Ice        ###...       3%          2    ##.....


Dungeon Overview and Level Annotations

Branches:
Dungeon (11/15)            Temple (1/1) D:6             Orc (0/2) D:9
   Lair: D:8-11

Altars:
Ashenzari
Cheibriados
Dithmenos
Elyvilon
Fedhas
Gozag
Kikubaaqudgha
Makhleb
Nemelex Xobeh
Okawaru
Pakellas
Qazlal
Ru
Sif Muna
Trog
Vehumet
Xom
Yredelemnul
Zin
The Shining One

Shops:
D:4 :   D:5 ?   D:10 ?

Annotations:
D:9 4 runed doors


Innate Abilities, Weirdness & Mutations

You have very sharp fingernails.
You are partially covered in iridescent scales (AC +4).
A weak demonic guardian rushes to your aid.
You are partially covered in sharp spines.
You have large cloven feet.


Message History

The deep troll earth mage claws your iron imp but does no damage.
The deep troll earth mage claws your iron imp.
Your iron imp hits the deep troll earth mage.
You see here a potion of flight.
v - a potion of flight The deep troll earth mage bites your iron imp!
Your iron imp dies!
The lava snake spits lava at you. The glob of lava misses you.
You see here an encrusted ruby ring.
H - an encrusted ruby ring The deep troll earth mage gestures next to you while chanting.
Some rock shatters into small pieces.
The lava snake spits lava at you. The glob of lava hits you!
* * * LOW HITPOINT WARNING * * *
Your crimson imp hits the deep troll earth mage but does no damage.
The deep troll earth mage points next to you and mumbles some strange words.
The door shatters!
The blast of rock fragments hits you!
You die...

###..§. .###
##...≈≈≈≈≈§≈≈
##..≈§≈≈ §§§≈
##..≈§§≈ #####
##..≈§§8##....#
#..≈≈S..#....
#.§≈≈.8...####
#.≈≈...'@.#[.#
#.≈≈<......5.+
#.≈≈§..#..T.##..
#..≈§≈.........#
#..##§§§8##....##
# ##§§§≈#...##
##§≈≈§≈≈≈≈≈
###≈§≈≈≈§≈≈
###.#.#..


You could see a deep troll earth mage, a lava snake and a friendly crimson imp.

Vanquished Creatures
  Erolcha (D:9)
  An unseen horror (D:10)
  A hill giant (D:10)
  An ugly thing (D:10)
  A troll (D:10)
  Sigmund (D:6)
  8 spriggans (D:5)
  16 yaks
  A soldier ant (D:10)
  4 orc warriors
  A sky beast (D:5)
  2 necrophages (D:7)
  6 ogres
  3 phantoms
  3 centaurs
  4 big kobolds
  A crocodile (D:9)
  5 giant frogs
  A wyvern skeleton (D:10)
  3 scorpions
  16 killer bees
  3 spriggan skeletons (D:10)
  6 wights
  A troll skeleton (D:10)
  A howler monkey (D:7)
  6 crimson imps
  A lava snake (D:11)
  3 centaur zombies
  9 hounds
  2 centaur skeletons (D:10)
  5 human zombies (D:7)
  2 jellies (D:9)
  8 orc priests
  A gnoll shaman (D:6)
  Crazy Yiuf (D:3)
  An iron imp (D:7)
  A giant frog skeleton (D:5)
  3 iguanas
  A human skeleton (D:7)
  14 orc wizards
  7 worker ants
  A killer bee zombie (D:5)
  2 hound skeletons
  2 mummies (D:7)
  A howler monkey zombie (D:5)
  9 gnolls
  A howler monkey skeleton (D:5)
  14 adders
  3 shadow imps
  2 oozes
  An adder zombie (D:5)
  2 worms (D:2)
  2 dart slugs
  8 giant geckos
  35 orcs
  2 ball pythons
  11 giant cockroaches
  7 goblins
  13 hobgoblins
  15 jackals
  23 kobolds
  6 quokkas
  4 bats
  A giant cockroach zombie (D:5)
  A giant gecko zombie (D:6)
  6 giant newts
  3 goblin skeletons (D:7)
  4 hobgoblin zombies (D:7)
  A jackal zombie (D:5)
  4 kobold skeletons (D:7)
  An orc skeleton (D:7)
  4 orc zombies
  2 quokka skeletons
  8 rats
  A fungus (D:3)
  2 plants (D:6)
358 creatures vanquished.

Vanquished Creatures (collateral kills)
  A spriggan (D:5)
  A giant frog (D:10)
  A crimson imp (D:5)
  An orc priest (D:4)
  A gnoll (D:6)
  3 orcs
  2 kobolds (D:6)
10 creatures vanquished.

Grand Total: 368 creatures vanquished

Notes
Turn   | Place    | Note
--------------------------------------------------------------
     0 | D:1      | Lusmu the Demonspawn Fire Elementalist began the quest for the Orb.
     0 | D:1      | Reached XP level 1. HP: 13/13 MP: 3/3
   290 | D:1      | Gained mutation: A weak demonic guardian rushes to your aid. [demonic ancestry]
   290 | D:1      | Reached XP level 2. HP: 19/19 MP: 5/5
  1014 | D:1      | Gained mutation: You are partially covered in sharp spines. [demonic ancestry]
  1014 | D:1      | Reached XP level 3. HP: 20/24 MP: 3/6
  1247 | D:1      | Learned a level 3 spell: Conjure Flame
  1603 | D:2      | Found a radiant altar of Vehumet.
  1635 | D:2      | Reached XP level 4. HP: 25/30 MP: 6/8
  2584 | D:3      | Noticed an ogre
  2604 | D:3      | Killed an ogre
  2604 | D:3      | Reached XP level 5. HP: 28/35 MP: 8/10
  2999 | D:3      | Found a shadowy altar of Dithmenos.
  3411 | D:3      | Noticed Crazy Yiuf
  3424 | D:3      | Killed Crazy Yiuf
  3727 | D:4      | Gained mutation: You are partially covered in iridescent scales (AC +4). [demonic ancestry]
  3727 | D:4      | Reached XP level 6. HP: 24/41 MP: 11/11
  4204 | D:4      | Found an iron altar of Okawaru.
  4465 | D:4      | Found Seolaugess's Book Shop.
  4624 | D:4      | Learned a level 2 spell: Ensorcelled Hibernation
  4627 | D:5      | Entered Level 5 of the Dungeon
  4631 | D:5      | Reached skill level 1 in Fighting
  4631 | D:5      | Reached skill level 1 in Polearms
  4641 | D:5      | Reached skill level 1 in Hexes
  4641 | D:5      | Reached XP level 7. HP: 38/48 MP: 13/13
  4663 | D:5      | Found Dabon's Magic Scroll Emporium.
  4674 | D:5      | Bought a scroll of identify for 20 gold pieces
  4674 | D:5      | Bought a scroll of identify for 20 gold pieces
  4674 | D:5      | Bought a scroll of amnesia for 35 gold pieces
  4674 | D:5      | Bought a scroll of identify for 20 gold pieces
  4705 | D:5      | Reached skill level 2 in Polearms
  4831 | D:5      | Noticed a spriggan
  4839 | D:5      | Killed a spriggan
  4839 | D:5      | Reached skill level 3 in Polearms
  4938 | D:5      | Noticed a spriggan
  4941 | D:5      | Noticed a spriggan
  4953 | D:5      | Killed a spriggan
  4953 | D:5      | Gained mutation: You have sharp fingernails. [demonic ancestry]
  4953 | D:5      | Reached XP level 8. HP: 39/58 MP: 14/14
  4955 | D:5      | Reached skill level 4 in Polearms
  5172 | D:5      | Reached skill level 5 in Polearms
  5373 | D:5      | Reached skill level 6 in Polearms
  5373 | D:5      | Reached XP level 9. HP: 25/66 MP: 15/15
  5618 | D:5      | Reached skill level 5 in Fighting
  5655 | D:5      | Gained mutation: You are frail (-10% HP). [mutagenic meat]
  5656 | D:5      | Gained mutation: You evolve. [mutagenic meat]
  5657 | D:5      | Gained mutation: You are weak. (Str -2) [mutagenic meat]
  5658 | D:5      | Gained mutation: You have large cloven feet. [mutagenic meat]
  5659 | D:5      | Gained mutation: You have hoof-like feet. [mutagenic meat]
  5661 | D:5      | Lost mutation: You are weak. (Str -2) [potion of cure mutation]
  5661 | D:5      | Lost mutation: You evolve. [potion of cure mutation]
  5661 | D:5      | Lost mutation: You have hoof-like feet. [potion of cure mutation]
  5745 | D:5      | Reached skill level 7 in Polearms
  5745 | D:5      | Reached skill level 5 in Hexes
  6333 | D:6      | Reached skill level 1 in Ice Magic
  6340 | D:6      | Found a staircase to the Ecumenical Temple.
  6362 | Temple   | Entered the Ecumenical Temple
  6575 | Temple   | Became a worshipper of Makhleb the Destroyer
  6749 | D:6      | Found an oddly glowing altar of Pakellas.
  6851 | D:6      | Got a transparent scale mail
  6860 | D:6      | Identified the +2 scale mail of Shadows and Fog {rElec rPois} (You found it on level 6 of the Dungeon)
  6893 | D:6      | Gained mutation: You are agile. (Dex +2) [potion of mutation]
  6893 | D:6      | Gained mutation: You are very agile. (Dex +4) [potion of mutation]
  6893 | D:6      | Gained mutation: You are very frail (-20% HP). [potion of mutation]
  7265 | D:6      | Reached * piety under Makhleb
  7265 | D:6      | Reached skill level 8 in Polearms
  7421 | D:6      | Noticed Sigmund
  7429 | D:6      | Killed Sigmund
  7526 | D:6      | Reached XP level 10. HP: 60/60 MP: 16/16
  7562 | D:6      | Reached ** piety under Makhleb
  7661 | D:6      | Lost mutation: You are very frail (-20% HP). [potion of cure mutation]
  7661 | D:6      | Lost mutation: You are very agile. (Dex +4) [potion of cure mutation]
  7661 | D:6      | Lost mutation: You are frail (-10% HP). [potion of cure mutation]
  7661 | D:6      | Lost mutation: You are agile. (Dex +2) [potion of cure mutation]
  7953 | D:7      | Found a glowing golden altar of the Shining One.
  8029 | D:7      | Got a slimy ivory amulet
  8112 | D:7      | Reached *** piety under Makhleb
  8562 | D:7      | Found an ancient bone altar of Kikubaaqudgha.
  8719 | D:7      | Identified the amulet of Koimmorgh {Harm *Drain rF+} (You found it on level 7 of the Dungeon)
  8744 | D:8      | Reached skill level 9 in Polearms
  9270 | D:8      | Reached **** piety under Makhleb
  9542 | D:9      | Found a huge runed gate.
  9542 | D:9      | Found a huge runed gate.
  9542 | D:9      | Found a huge runed gate.
  9542 | D:9      | Found a huge runed gate.
  9542 | D:9      | Noticed a griffon
  9542 | D:9      | Noticed a death yak
  9997 | D:9      | Noticed a griffon
 10006 | D:9      | Reached skill level 10 in Polearms
 10109 | D:9      | Reached skill level 5 in Ice Magic
 10127 | D:9      | Gained mutation: You have very sharp fingernails. [demonic ancestry]
 10127 | D:9      | Reached XP level 11. HP: 64/85 MP: 17/17
 10130 | D:9      | Found a sacrificial altar of Ru.
 10271 | D:9      | Noticed Erolcha
 10635 | D:9      | Found a shimmering altar of Xom.
 10635 | D:9      | Found a shimmering altar of Xom.
 10636 | D:9      | Found a shimmering altar of Xom.
 10636 | D:9      | Found a shimmering altar of Xom.
 10636 | D:9      | Found a shimmering altar of Xom.
 10636 | D:9      | Found a shimmering altar of Xom.
 10637 | D:9      | Found a shimmering altar of Xom.
 10670 | D:9      | Found a basalt altar of Yredelemnul.
 10949 | D:9      | Reached ***** piety under Makhleb
 11027 | D:9      | Killed Erolcha
 11291 | D:9      | Found a staircase to the Orcish Mines.
 11509 | D:10     | Entered Level 10 of the Dungeon
 11920 | D:10     | Noticed a hill giant
 11943 | D:10     | Killed a hill giant
 12082 | D:10     | Found Givilim's Magic Scroll Emporium.
 12090 | D:10     | Bought 2 scrolls of identify for 52 gold pieces
 12669 | D:10     | Killed an unseen horror
 12669 | D:10     | Reached skill level 1 in Armour
 12669 | D:10     | Reached skill level 1 in Invocations
 12800 | D:10     | Got a smoking leather armour
 12806 | D:10     | Identified the +3 leather armour of Inference {Str+3 SInv} (You found it on level 10 of the Dungeon)
 12876 | D:11     | Noticed a purple ugly thing
 12877 | D:11     | Noticed a purple ugly thing
 12880 | D:11     | Noticed a deep troll earth mage
 13214 | D:10     | Killed a purple ugly thing
 13242 | D:11     | Killed from afar by a deep troll earth mage

Skill      XL: |  1  2  3  4  5  6  7  8  9 10 11 |
---------------+----------------------------------+-----
Conjurations   | 2 3 4 |  4.0
Fire Magic     | 3 4 |  4.3
Spellcasting   | 3 4 |  4.0
Fighting       | 1 3 4 6 7 8 |  8.4
Polearms       | 1 3 6 8 10 | 10.9
Hexes          | 1 2 4 5 |  5.3
Ice Magic      | 2 5 6 |  6.0
Dodging        | 3 |  3.1
Armour         | 2 |  2.1
Invocations    | 2 |  2.2
Stealth        | |  1.7

Action                   |  1- 3 |  4- 6 |  7- 9 | 10-12 || total
-------------------------+-------+-------+-------+-------++-------
Melee: Unarmed           |    17 |       |       |       ||    17
       Spear             |    72 |   147 |   313 |   835 ||  1367
 Cast: Flame Tongue      |    22 |     3 |    13 |       ||    38
       Conjure Flame     |       |       |     1 |       ||     1
       Ensorcelled Hiber |       |       |       |     1 ||     1
Evoke: Wand              |       |       |       |     1 ||     1
  Use: Scroll            |       |     9 |     8 |     6 ||    23
       Potion            |       |       |     2 |    13 ||    15
 Stab: Distracted        |     1 |       |     2 |     2 ||     5
       Sleeping          |     2 |     8 |     1 |     1 ||    12
  Eat: Chunk             |     2 |    10 |    15 |    16 ||    43
       Royal jelly       |       |       |       |     1 ||     1
       Fruit             |       |       |       |     1 ||     1
Armor: Robe              |    14 |       |       |       ||    14
       Leather armour    |     6 |    17 |    79 |    13 ||   115
       Scale mail        |       |       |    28 |   274 ||   302
       Skin              |       |       |       |     3 ||     3
Dodge: Dodged            |    40 |    37 |   115 |   207 ||   399
